 Dungeon Crawl Stone Soup version 0.29.1-13-g9f3cf754e1 (webtiles) character file.

Game seed: 6433178975855196649

70738 sanboga the Executioner (level 14, -10/119 HPs)
             Began as a Minotaur Monk on Feb 2, 2023.
             Was an Elder of Hepliaklqana.
             Mangled by a white ugly thing (30 damage)
             ... on level 13 of the Dungeon.
             The game lasted 00:30:13 (20348 turns).

sanboga the Executioner (Minotaur Monk)            Turns: 20348, Time: 00:30:14

Health: -10/119    AC: 26    Str: 20    XL:     14   Next: 95%
Magic:  13/13      EV: 12    Int:  7    God:    Hepliaklqana [****..]
Gold:   1406       SH:  0    Dex: 14    Spells: 13/13 levels left

rFire   . . .      SeeInvis .   a - +0 battleaxe (flame)
rCold   . . .      Faith    .   (shield currently unavailable)
rNeg    . . .      Spirit   .   g - +3 plate armour
rPois   +          Reflect  .   H - +2 hat
rElec   .          Harm     .   (no cloak)
rCorr   .          Rampage  .   E - +2 pair of gloves {Stlth+}
Will    +....                   y - +0 pair of boots
Stlth   ..........              p - amulet of the acrobat
HPRegen 0.29/turn               o - +4 ring of evasion
MPRegen 0.13/turn               n - ring of poison resistance

@: no status effects
A: reduced essence, horns 2, retaliatory headbutt
a: Renounce Religion, Recall Ancestor, Ancestor Identity, Transference, Idealise


You were on level 13 of the Dungeon.
You worshipped Hepliaklqana.
Hepliaklqana was greatly pleased with you.
You visited 2 branches of the dungeon, and saw 15 of its levels.
You also visited: Sewer, Ossuary and Bailey.

You collected 1406 gold pieces.

Inventory:

Hand Weapons
 a - a +0 battleaxe of flaming (weapon)
 b - a +0 broad axe of draining
Armour
 g - a +3 plate armour (worn)
 y - a +0 pair of boots (worn)
 E - a +2 pair of gloves of stealth (worn)
 H - a +2 hat (worn)
Jewellery
 n - a ring of poison resistance (right hand)
 o - a +4 ring of evasion (left hand)
 p - an amulet of the acrobat (around neck)
 r - a ring of see invisible
 s - a ring of protection from fire
 G - a ring of protection from fire
 I - a ring of positive energy
Wands
 h - a wand of polymorph (15)
 k - a wand of roots (10)
 m - a wand of quicksilver (5)
 A - a wand of flame (72)
 F - a wand of charming (6)
Scrolls
 d - 2 scrolls of summoning
 f - 18 scrolls of teleportation
 i - 2 scrolls of magic mapping
 j - a scroll of blinking
 q - 5 scrolls of fear
 v - 7 scrolls of identify
 w - 2 scrolls of enchant armour
 M - 2 scrolls of enchant weapon
Potions
 c - 2 potions of ambrosia
 e - 13 potions of curing
 l - 4 potions of mutation
 t - a potion of berserk rage
 u - 4 potions of invisibility
 x - 5 potions of haste
 z - 5 potions of heal wounds
 B - 5 potions of resistance
 C - 6 potions of cancellation
 D - 8 potions of might
 K - 2 potions of flight


   Skills:
 + Level 14.6 Fighting
 * Level 23.4 Axes
 + Level 14.1 Armour
 - Level 3.2 Dodging
 - Level 1.5 Stealth


You had 13 spell levels left.
You didn't know any spells.
Your spell library contained the following spells:

 Spells                   Type           Power      Damage    Failure   Level
 Freeze                   Ice            0%         1d3       99%         1
 Frozen Ramparts          Ice            0%         1d1       100%        3
 Portal Projectile        Hex/Tloc       0%         N/A       100%        3
 Tukima's Dance           Hex            0%         N/A       100%        3
 Hailstorm                Conj/Ice       0%         3d3       100%        4
 Blade Hands              Tmut           0%         N/A       100%        5


Dungeon Overview and Level Annotations

Branches:
Dungeon (14/15)            Temple (1/1) D:7            Lair (0/5) D:8
    Orc (0/2) D:9          Vaults (0/5) D:14          Sewer (visited)
Ossuary (visited)          Bailey (visited)

Altars:
Ashenzari
Cheibriados
Dithmenos
Elyvilon
Fedhas
Hepliaklqana
Kikubaaqudgha
Makhleb
Nemelex Xobeh
Okawaru
Qazlal
Ru
Sif Muna
Trog
Uskayaw
Vehumet
Wu Jian
Xom
Yredelemnul
Zin
The Shining One

Shops:
D:6 [   D:12 :

Portals:
Trove: D:13 (give 2 scrolls of acquirement)

Annotations:
D:7 2 runed translucent doors
Temple 2 transporters


Innate Abilities, Weirdness & Mutations

Your life essence is reduced to manifest your ancestor. (-10% HP)
You have a pair of horns on your head.
You reflexively headbutt those who attack you in melee.


Message History

Lindsay Lohan drains the white ugly thing.
The white ugly thing closely misses Lindsay Lohan.
Lindsay Lohan hits the white ugly thing but does no damage.
Lindsay Lohan drains the white ugly thing.
The brown ugly thing basks in the mutagenic energy from its kin and changes!
Lindsay Lohan hits the cyan ugly thing with a +0 dagger of draining!
Lindsay Lohan drains the cyan ugly thing.
The cyan ugly thing engulfs Lindsay Lohan.
The cyan ugly thing shocks Lindsay Lohan!
Lindsay Lohan barely misses the cyan ugly thing.
Lindsay Lohan hits the cyan ugly thing with a +0 dagger of draining!
Lindsay Lohan closely misses the cyan ugly thing.
The cyan ugly thing engulfs Lindsay Lohan!
The cyan ugly thing shocks Lindsay Lohan!
Lindsay Lohan gestures at the cyan ugly thing while chanting.
The cyan ugly thing resists with some effort.
Lindsay Lohan closely misses the white ugly thing.
Lindsay Lohan barely misses the white ugly thing.
The white ugly thing claws Lindsay Lohan.
The white ugly thing freezes Lindsay Lohan!
Lindsay Lohan resists.
Lindsay Lohan is destroyed!
There is a stone staircase leading up here.
You start resting.
A white ugly thing is nearby!
The white ugly thing claws you but does no damage.
You climb upwards.
There is a stone staircase leading down here.
You slash the white ugly thing! You burn the white ugly thing.
The white ugly thing is moderately wounded.
You barely miss the white ugly thing.
Your headbutt misses the white ugly thing.
The white ugly thing is moderately wounded.
The white ugly thing barely misses you.
You closely miss the white ugly thing.
The white ugly thing is moderately wounded.
The white ugly thing claws you.
* * * LOW HITPOINT WARNING * * *
The white ugly thing freezes you!!
You die...

##............()))).....###
#####....#############...#
##...# ###.. # ###...## ###
#### ##......# # ...##
###.......## #
....####....##....# #
......#..8..###...# #
......).8.8.# #.@.## #
.......8.∩.8# #u...#
........8.8.# ##...######
.........8..# #....#...####
...........##
#....##.....###
.........###
##...##.......## ##########
#....#........###
#....#..........#
##....#..........


You could see a white ugly thing.

Vanquished Creatures
  The ghost of croobank the Destroyer, a journeyman DsCj of Gozag (D:12)
  Azrael (D:14)
  2 vault guards (D:14)
  A centaur warrior (D:13)
  A catoblepas (D:14)
  Erica (D:9)
  A boulder beetle (D:8)
  A death knight (D:14)
  7 two-headed ogres
  2 tengu warriors (D:13)
  A sea snake (shapeshifter) (D:13)
  5 skeletal warriors
  A deep elf archer (D:12)
  2 orc knights (D:12)
  Pikel (D:6)
  17 ugly things
  4 deep elf pyromancers
  3 cyclopes
  2 moths of wrath (D:12)
  3 elephants
  5 molten gargoyles (D:11)
  A gargoyle (D:13)
  A yaktaur (D:13)
  3 kobold demonologists
  A komodo dragon (D:11)
  9 trolls
  A tengu conjurer (D:13)
  A hornet (D:9)
  A raiju (shapeshifter) (D:14)
  Sigmund (D:2)
  A vampire (D:13)
  13 yaks
  A shadow (D:9)
  4 fire elementals (D:14)
  A wraith (D:12)
  3 wyverns
  3 hogs (D:12)
  8 humans (D:14)
  2 steam dragons
  5 vampire mosquitoes
  A warg (D:9)
  An acid dragon (D:9)
  2 water moccasins (D:6)
  Duvessa (D:7)
  2 hell hounds
  5 orc warriors
  3 sky beasts
  2 black bears (D:8)
  3 ice beasts
  8 ogres
  11 centaurs
  A phantom (D:4)
  A lemure (D:6)
  12 kobold brigands
  2 necrophages (D:5)
  2 gnoll sergeants (D:8)
  5 bullfrogs
  2 scorpions
  3 wights (D:8)
  A hexer (D:12)
  5 killer bees
  7 howler monkeys
  5 electric eels
  2 centaur zombies (Ossuary)
  A lava snake (D:11)
  A hound (D:7)
  A gnoll bouda (D:10)
  6 orc priests
  2 iguanas (D:5)
  5 orc wizards
  5 mummies (Ossuary)
  Robin (D:2)
  29 gnolls
  5 adders
  A river rat (D:5)
  A shadow imp (D:6)
  2 ufetubi
  2 worms
  4 dart slugs
  43 orcs
  6 bats
  11 endoplasms
  6 giant cockroaches
  14 goblins
  7 hobgoblins
  5 quokkas
  15 ball pythons
  6 frilled lizards
  2 hobgoblin zombies (Ossuary)
  42 kobolds
  16 rats
  A fungus (D:12)
449 creatures vanquished.

Vanquished Creatures (collateral kills)
  Kirke (D:11)
  A hydra (D:7)
  A centaur warrior (D:13)
  Lodul (D:10)
  2 ugly things
  A manticore (D:7)
  A gargoyle (D:7)
  A komodo dragon (D:11)
  3 trolls
  A human (D:14)
  2 yaks (D:10)
  2 fire elementals (D:14)
  A basilisk (D:10)
  2 hogs (D:12)
  A sky beast (D:7)
  2 ogres (D:10)
  A centaur (D:13)
  A bullfrog (D:8)
  A scorpion (D:7)
  A wight (D:8)
  Dowan (D:7)
  A killer bee (D:9)
  An electric eel (D:10)
  A centaur zombie (Ossuary)
  An orc (D:8)
  4 goblins (D:8)
  A kobold (D:12)
37 creatures vanquished.

Vanquished Creatures (others)
  A deep elf knight (D:12)
  A manticore (D:7)
  A human (D:14)
  9 hexers
  A fungus (Sewer)
  20 plants
33 creatures vanquished.

Grand Total: 519 creatures vanquished

Notes
Turn   | Place    | Note
-------+----------+-------------------------------------------
     0 | D:1      | sanboga the Minotaur Monk began the quest for the Orb.
     0 | D:1      | Reached XP level 1. HP: 19/19 MP: 0/0
   395 | D:1      | Reached skill level 4 in Axes
   396 | D:1      | Reached XP level 2. HP: 22/27 MP: 1/1
   478 | D:1      | Reached skill level 1 in Armour
  1283 | D:1      | Found a faded altar of an unknown god.
  1344 | D:2      | Reached XP level 3. HP: 29/33 MP: 2/2
  2091 | D:2      | Found a shadowy altar of Dithmenos.
  2250 | D:2      | Noticed Sigmund
  2264 | D:2      | Killed Sigmund
  2265 | D:2      | Reached skill level 6 in Axes
  2265 | D:2      | Reached XP level 4. HP: 35/41 MP: 3/3
  2265 | D:2      | Reached XP level 5. HP: 40/47 MP: 4/4
  2477 | D:2      | Noticed Robin
  2480 | D:2      | Reached skill level 5 in Fighting
  2495 | D:2      | Killed Robin
  2723 | D:2      | Reached XP level 6. HP: 55/56 MP: 5/5
  3479 | D:4      | Found a broken altar of Ashenzari.
  3479 | D:4      | Found an ornate altar of the Wu Jian Council.
  3612 | D:4      | Reached skill level 7 in Axes
  3786 | D:4      | Reached XP level 7. HP: 33/61 MP: 6/6
  4419 | D:5      | Entered Level 5 of the Dungeon
  4609 | D:5      | Reached skill level 8 in Axes
  4718 | D:5      | Reached skill level 5 in Armour
  5019 | D:5      | Found a glowing drain.
  5028 | Sewer    | Entered a sewer
  5122 | Sewer    | Reached XP level 8. HP: 15/71 MP: 7/7
  5123 | Sewer    | Reached skill level 9 in Axes
  6339 | D:6      | Reached skill level 10 in Axes
  6399 | D:6      | Found a radiant altar of Vehumet.
  6533 | D:6      | Found a hide-covered altar of Uskayaw.
  7003 | D:6      | Found a stormy altar of Qazlal.
  7082 | D:6      | Found Peyd's Antique Armour Boutique.
  7157 | D:7      | Noticed Pikel
  7170 | D:6      | Killed Pikel
  7171 | D:6      | Reached skill level 11 in Axes
  7171 | D:6      | Reached XP level 9. HP: 50/81 MP: 8/8
  7479 | D:7      | Found a runed translucent door.
  7479 | D:7      | Found a runed translucent door.
  7479 | D:7      | Noticed a cyclops
  7531 | D:7      | Reached skill level 12 in Axes
  7559 | D:7      | Noticed a manticore
  7559 | D:7      | Noticed a five-headed hydra
  7559 | D:7      | Noticed a troll
  7559 | D:7      | Noticed a gargoyle
  7559 | D:7      | Noticed a manticore
  7559 | D:7      | Noticed a troll
  7571 | D:7      | HP: 2/82 [manticore (4)]
  7571 | D:7      | Killed a manticore
  7830 | D:7      | Found a staircase to the Ecumenical Temple.
  7873 | Temple   | Entered the Ecumenical Temple
  7873 | Temple   | Found a transporter.
  7873 | Temple   | Found a transporter.
  7875 | Temple   | Found a transporter.
  7875 | Temple   | Found a transporter.
  7894 | Temple   | Became a worshipper of Hepliaklqana the Forgotten
  7894 | Temple   | Reached * piety under Hepliaklqana
  7894 | Temple   | Reached ** piety under Hepliaklqana
  7895 | Temple   | Remembered your ancestor Lindsay Lohan as a hexer
  7959 | D:7      | Noticed Duvessa
  7959 | D:7      | Noticed Dowan
  7966 | D:7      | Killed Duvessa
  7969 | D:7      | Killed Dowan
  7972 | D:7      | Reached XP level 10. HP: 46/81 MP: 9/9
  8240 | D:7      | Killed a manticore
  8255 | D:7      | Reached skill level 13 in Axes
  8508 | D:7      | Killed a gargoyle
  8908 | D:7      | Identified the +10 war axe of Dullness {holy, rF- Int+3
                  | Dex+4}
  8969 | D:7      | Killed a three-headed hydra
  8970 | D:7      | Reached skill level 10 in Fighting
  9017 | D:8      | Found a flagged portal.
  9020 | D:8      | Noticed a boulder beetle
  9035 | D:8      | Killed a boulder beetle
  9036 | D:8      | Reached skill level 14 in Axes
  9051 | Bailey   | Entered a bailey
  9592 | D:8      | Found a sand-covered staircase.
  9596 | Ossuary  | Entered an ossuary
  9693 | D:8      | Reached skill level 17 in Axes
  9693 | D:8      | Reached XP level 11. HP: 90/90 MP: 10/10
  9694 | D:8      | Reached skill level 19 in Axes
  9694 | D:8      | Reached XP level 12. HP: 97/97 MP: 11/11
  9776 | D:8      | Reached skill level 10 in Armour
  9815 | D:8      | Found a staircase to the Lair.
  9965 | D:8      | Found a shadowy altar of Dithmenos.
 10292 | D:8      | Identified the +11 mace "Gipnuts" {antimagic, Fragile
                  | Int+7}
 10449 | D:9      | Reached XP level 13. HP: 104/104 MP: 12/12
 10586 | D:9      | Noticed Erica
 10592 | D:9      | Killed Erica
 10713 | D:9      | Reached skill level 20 in Axes
 10713 | D:9      | Found a staircase to the Orcish Mines.
 11624 | D:10     | Entered Level 10 of the Dungeon
 11643 | D:10     | Reached *** piety under Hepliaklqana
 11860 | D:10     | Noticed Lodul
 12201 | D:10     | Killed Lodul
 13990 | D:11     | Reached skill level 21 in Axes
 14174 | D:12     | Found a transporter.
 14189 | D:12     | Noticed croobank's ghost (journeyman DsCj)
 14192 | D:12     | Found a bloodstained altar of Trog.
 14210 | D:12     | Found a transporter.
 14539 | D:12     | Noticed Kirke
 14559 | D:11     | Killed Kirke
 15339 | D:12     | Killed croobank's ghost
 16041 | D:12     | Reached XP level 14. HP: 104/116 MP: 13/13
 16144 | D:12     | Found Gerph's Book Boutique.
 16256 | D:12     | Reached skill level 22 in Axes
 17654 | D:13     | Reached **** piety under Hepliaklqana
 18120 | D:13     | Found a portal to a secret trove of treasure.
 18673 | D:14     | Noticed Azrael
 18688 | D:14     | Killed Azrael
 19361 | D:14     | Reached skill level 23 in Axes
 19981 | D:14     | Found a gate to the Vaults.
 20348 | D:13     | Mangled by a white ugly thing

Illustrated notes

Levels and vault maps discovered:
D:1:      psy_arrival_whirlpool, layout_basic,
          hellmonk_ecumenical_altar_defaced_shrine
D:2:      minmay_chambers_of_twos, layout_basic, serial_glass, glass_columns_a,
          glass_columns_a, glass_columns_a, glass_columns_a, glass_columns_a,
          glass_columns_a, glass_columns_a, glass_columns_a, basic_altar,
          minmay_pentomino_p4, uniq_robin, uniq_sigmund
D:3:      layout_basic
D:4:      layout_loops_ring, mainiacjoe_overflow_divided_tiny,
          serial_bayou_pond_a
D:5:      layout_loops_corners, portal_sewer_entry_e, minmay_misc_feat_rugged
D:6:      layout_rooms, nicolae_qazlal_scattered_showers,
          mainiacjoe_overflow_catch_the_wave, serial_shops,
          nicolae_shop_overgrown_old_shop, nrook_loot_triangle,
          grunt_decor_mini_mirrors
D:7:      minmay_the_grid_triangle_9x9_rhombus_thin
          [minmay_the_grid_triangle_9x9_flanged_cone,
          minmay_the_grid_triangle_9x9_prize_top_heavy,
          minmay_the_grid_triangle_9x9_steps,
          minmay_the_grid_triangle_9x9_tough_junction], layout_cave_pools,
          temple_statues, uniq_pikel, uniq_duvessa
D:8:      layout_loops_ring, david_lair_generic,
          lightli_ossuary_entry_decrepit_ruins, enter_bailey_5,
          minmay_ruined_shrine
D:9:      layout_roguey, david_orc_1_choice, uniq_erica
D:10:     wad_lake_hut, layout_rooms, uniq_lodul
D:11:     layout_loops_cross, hangedman_decor_slide_cut, minivault_8
D:12:     layout_cave_pools, gammafunk_ghost_wrathful_warriors, serial_shops,
          nicolae_shop_hallway_stairs, beargit_elvish_explorers, uniq_kirke
D:13:     layout_cave_pods, enter_trove_2, grunt_tough_drop
D:14:     layout_basic, ximxim_vaults_locker_room, minmay_misc_feat_columns,
          uniq_azrael
Temple:   hellmonk_temple_divided_pantheon

Skill      XL: |  1  2  3  4  5  6  7  8  9 10 11 12 13 14 |
---------------+-------------------------------------------+-----
Axes           | 4 6 7 8 11 12 17 19 21 23 | 23.4
Armour         | 1 3 4 5 7 8 9 10 12 14 | 14.1
Fighting       | 4 5 6 8 9 10 11 13 14 | 14.6
Dodging        | |  3.2
Stealth        | |  1.5

Action                   |  1- 3 |  4- 6 |  7- 9 | 10-12 | 13-15 || total
-------------------------+-------+-------+-------+-------+-------++-------
Melee: Hand axe          |    84 |   117 |   129 |       |       ||   330
       Headbutt          |     7 |    24 |    54 |    36 |   119 ||   240
       Punch             |     1 |     1 |     4 |     2 |     6 ||    14
       War axe           |       |       |   144 |   159 |   268 ||   571
       Battleaxe         |       |       |       |       |   251 ||   251
Invok: Ancestor Life: He |       |       |     1 |       |       ||     1
       Ancestor Identity |       |       |     1 |       |       ||     1
       Recall Ancestor   |       |       |       |     2 |     1 ||     3
  Use: Potion            |       |       |     4 |     2 |     1 ||     7
       Scroll            |       |       |    12 |     7 |    11 ||    30
 Stab: Sleeping          |     5 |     7 |       |       |       ||    12
       Confused          |       |       |       |     2 |    11 ||    13
       Distracted        |       |       |       |     2 |     6 ||     8
Armor: Robe              |    10 |     6 |       |       |       ||    16
       Ring mail         |       |     5 |    64 |    20 |       ||    89
       Plate armour      |       |       |       |    33 |   212 ||   245
Dodge: Dodged            |    53 |    94 |   275 |   150 |   314 ||   886
